 Dungeon Crawl Stone Soup version 0.28-a0-2-g643f2454ad (webtiles) character file.

Game seed: 12445131325833132885

62605 freelancePsychic the Fighter (level 14, -4/119 HPs)
             Began as a Demonspawn Ice Elementalist on July 22, 2021.
             Was the Champion of Kikubaaqudgha.
             Slain by a sixfirhy (5 damage)
             ... summoned by an orc high priest
             ... on level 2 of the Orcish Mines.
             The game lasted 01:28:51 (32021 turns).

freelancePsychic the Fighter (DsIE)                Turns: 32021, Time: 01:28:52

Health: -4/119     AC: 12    Str: 13    XL:     14   Next: 65%
Magic:  20/20      EV: 11    Int: 21    God:    Kikubaaqudgha [******]
Gold:   1775       SH:  5    Dex: 14    Spells: 1/22 levels left

rFire   + . .      SeeInvis .   p - +2 whip (pain)
rCold   . . .      Faith    .   J - +0 buckler
rNeg    . . .      Spirit   .   E - +1 ring mail "Omubey" {rPois}
rPois   +          Reflect  .   (no helmet)
rElec   .          Harm     .   T - +2 cloak {rPois}
rCorr   .          Rampage  .   Q - +0 pair of gloves
Will    +....                   (no boots)
Stlth   +.........              j - amulet of magic regeneration
HPRegen 0.29/turn               K - ring of protection from fire
MPRegen 0.42/turn               S - +4 ring of slaying

@: mighty, death channeling, very slightly contaminated, studying Axes,
invisible
A: hooves 1, powered by pain 2, big brain 2
a: Renounce Religion, Receive Corpses, Torment, Brand Weapon With Pain, Receive
Forbidden Knowledge


You were on level 2 of the Orcish Mines.
You worshipped Kikubaaqudgha.
Kikubaaqudgha was exalted by your worship.
You visited 3 branches of the dungeon, and saw 20 of its levels.
You also visited: Ossuary.

You collected 1800 gold pieces.
You spent 25 gold pieces at shops.

Inventory:

Hand Weapons
 p - a +2 whip of pain (weapon)
Missiles
 k - 2 curare-tipped darts
 n - 2 throwing nets
 o - 2 boomerangs of dispersal
 C - 5 atropa-tipped darts
Armour
 a - a +0 robe
 f - +0 steam dragon scales
 s - a +0 cloak
 E - the +1 ring mail "Omubey" (worn) {rPois}
   (You found it on level 7 of the Dungeon)

   rPois:     It protects you from poison.
 J - a +0 buckler (worn)
 O - +0 fire dragon scales
 P - a +0 tower shield
 Q - a +0 pair of gloves (worn)
 T - a +2 cloak of poison resistance (worn)
Jewellery
 i - a ring of poison resistance
 j - an amulet of magic regeneration (around neck)
 H - a +6 ring of dexterity
 K - a ring of protection from fire (left hand)
 L - a +6 ring of intelligence
 S - a +4 ring of slaying (right hand)
Wands
 m - a wand of mindburst (6)
 y - a wand of acid (35)
 z - a wand of iceblast (25)
 I - a wand of charming (5)
 M - a wand of polymorph (36)
Scrolls
 b - 3 scrolls of amnesia
 c - 7 scrolls of enchant armour
 d - 2 scrolls of vulnerability
 l - 4 scrolls of blinking
 v - 3 scrolls of magic mapping
 w - 4 scrolls of noise
 F - a scroll of fog
 U - 2 scrolls of enchant weapon
Potions
 e - 5 potions of curing {@q1}
 g - 4 potions of magic
 h - 5 potions of heal wounds {@q2}
 q - 9 potions of flight
 r - 3 potions of mutation {unknown}
 t - 5 potions of attraction
 u - 3 potions of brilliance
 x - 4 potions of degeneration
 A - a potion of might
 B - 2 potions of invisibility
 D - 4 potions of haste {@q3}
 G - 2 potions of ambrosia {unknown}
 V - a potion of cancellation {unknown}
Miscellaneous
 R - a phantom mirror


   Skills:
 + Level 13.7 Fighting
 - Level 12.0 Maces & Flails
 - Level 6.7 Armour
 - Level 1.7 Dodging
 - Level 1.7 Stealth
 - Level 4.0 Shields
 - Level 4.5 Spellcasting
 + Level 13.4 Necromancy
 - Level 4.5 Ice Magic
 - Level 7.0 Earth Magic


You had one spell level left.
You knew the following spells:

 Your Spells              Type           Power      Damage    Failure   Level
a - Borgnjor's Vile Clut  Necr/Erth      23%        N/A       9%          5
b - Frozen Ramparts       Ice            46%        1d6       10%         3
c - Ozocubu's Armour      Ice            23%        N/A       10%         3
d - Death Channel         Necr           28%        N/A       13%         6
e - Dispel Undead         Necr           57%        3d20      1%          4

Your spell library contained the following spells:

 Spells                   Type           Power      Damage    Failure   Level
 Animate Skeleton         Necr           100%       N/A       1%          1
 Pain                     Necr           100%       1d9       1%          1
 Sandblast                Erth           68%        2d15      1%          1
 Freeze                   Ice            92%        1d10      3%          1
 Foxfire                  Conj/Fire      16%        2x1d4     22%         1
 Sublimation of Blood     Necr           28%        N/A       1%          2
 Vampiric Draining        Necr           28%        2d10      1%          3
 Agony                    Necr           57%        N/A       2%          5
 Passwall                 Tmut/Erth      15%        N/A       8%          2
 Static Discharge         Conj/Air       4%         N/A       32%         2
 Lee's Rapid Deconstruct  Erth           17%        3d11*     32%         5
 Leda's Liquefaction      Hex/Erth       9%         N/A       45%         4
 Conjure Flame            Conj/Fire      4%         6-21      54%         3
 Gell's Gravitas          Tloc           2%         N/A       54%         3
 Inner Flame              Hex/Fire       4%         N/A       54%         3
 Swiftness                Air            4%         N/A       54%         3
 Teleport Other           Tloc           4%         N/A       54%         3
 Simulacrum               Ice/Necr       21%        N/A       63%         6
 Hailstorm                Conj/Ice       14%        3d5       65%         4
 Sticky Flame             Conj/Fire      4%         2d3       91%         4
 Freezing Cloud           Conj/Ice/Air   5%         6-21      97%         5
 Summon Forest            Summ/Tloc      2%         N/A       99%         5
 Dispersal                Tloc           2%         N/A       100%        6
 Eringya's Noxious Bog    Tmut/Pois      2%         N/A       100%        6
 Invisibility             Hex            2%         N/A       100%        6
 Summon Hydra             Summ           2%         N/A       100%        7
 Death's Door             Necr           28%        N/A       100%        9
 Polar Vortex             Ice            11%        N/A       100%        9


Dungeon Overview and Level Annotations

Branches:
Dungeon (12/15)            Temple (0/1) D:5            Lair (6/6) D:11
  Swamp (0/4) Lair:3        Snake (0/4) Lair:2        Slime (0/5) Lair:5
    Orc (2/2) D:12            Elf (0/3) Orc:2       Ossuary (visited)

Altars:
Kikubaaqudgha
Okawaru
Trog
Vehumet
Xom
Yredelemnul
Jiyva

Shops:
D:5 *   Orc:2 *(:[

Portals:
Trove: D:12 (give +2 storm dragon scales)

Annotations:
D:10 Fannar
Lair:1 exclusion: 2 downstairs
Lair:4 3 runed translucent doors, Naer Xoypaimp's ghost, journeyman DjWn


Innate Abilities, Weirdness & Mutations

You have large cloven feet.
You sometimes gain power by taking damage.
You have an extremely huge brain. (Int +4)


Message History

Press: ? - help, v - describe, . - travel
Here: a sixfirhy (summoned)
The floor.
Unknown command.
You fade into invisibility!
The orc high priest calls upon Beogh to heal something.
You are very lightly contaminated with residual magic.
Casting: Borgnjor's Vile Clutch (dangerous; 9% risk of failure)
Confirm with . or Enter, or press ? or * to list all spells.
Aiming: Borgnjor's Vile Clutch (dangerous; 9% risk of failure)
Press: ? - help, Shift-Dir - straight line, f - orc knight
Aim: an orc knight, wielding a +0 war axe and wearing a +0 chain mail (moderately wounded, strong, 100% to hit)
Zombie hands grab the sixfirhy.
Zombie hands grab the orc warrior.
Zombie hands grab the orc knight.
Zombie hands grab the orc high priest.
The zombie hands constrict the orc high priest!
The zombie hands constrict the orc knight.
The zombie hands constrict the orc warrior.
The zombie hands constrict the sixfirhy!
The sixfirhy hits you but does no damage. x2
The sixfirhy hits you! The sixfirhy shocks you!
* * * LOW HITPOINT WARNING * * *
The orc high priest calls down the wrath of Beogh upon you.
Beogh smites you!
* * * LOW HITPOINT WARNING * * *
You focus on the pain.
You feel your power returning.
The orc knight struggles to escape constriction.
The zombie hands constrict the orc high priest!
The zombie hands constrict the orc knight.
The zombie hands constrict the orc warrior.
The zombie hands constrict the sixfirhy!
The sixfirhy struggles to escape constriction. x2
The sixfirhy escapes!
The sixfirhy hits you.
* * * LOW HITPOINT WARNING * * *
The sixfirhy shocks you!
* * * LOW HITPOINT WARNING * * *
You focus on the pain.
You feel mightier all of a sudden. The sixfirhy hits you.
You die...
Kikubaaqudgha rasps: "You have failed me!
Welcome... death!"

#.................#........##
..................#...###.##
........................### ###
...#........#............#
##.## ..... #...........##
#...# ......
##....#......####.##
......##...........#.##..##
............#.................#
.8............#@......##.##..##
..............3###.....#######
∩...........#.## ###..##
......#.#...o## ####
....oo####..o## ....oo.#.##...#
P...)...3§o..## .........#o.##
........#....#


You could see 2 orc knights, an orc high priest (strong, clutched), a sixfirhy
(summoned) and an orc warrior (clutched).

Vanquished Creatures
  The ghost of Domutzyo the Tortoise, a journeyman MiFi of Okawaru (Orc:1)
  A fire dragon (D:11)
  3 boulder beetles
  A merfolk avatar (Lair:6)
  10 hydras
  9 death yaks
  2 orc high priests (Orc:2)
  A lindwurm (Lair:5)
  An orc knight (Orc:2)
  2 swamp dragons (Lair:4)
  2 orc sorcerers (Orc:2)
  A cyclops (D:12)
  A centaur zombie (D:7)
  2 manticores (Lair:6)
  10 elephants
  7 black mambas
  A torpor snail (Lair:4)
  10 cane toads
  A gargoyle (D:12)
  3 rime drakes
  13 komodo dragons
  2 trolls
  5 polar bears
  2 tyrant leeches
  16 blink frogs
  A hornet (Lair:6)
  3 snapping turtles (Lair:6)
  A shadow (D:10)
  2 wraiths
  5 wyverns
  50 yaks
  4 basilisks
  A hog (shapeshifter) (D:12)
  2 steam dragons
  A warg (Orc:1)
  7 swamp worms (Lair:4)
  4 nagas (Lair:2)
  12 water moccasins
  26 orc warriors
  A spectral troll (Orc:1)
  3 ice beasts (D:6)
  2 sky beasts
  2 swamp drakes (Lair:4)
  4 black bears
  4 wolves (Lair:4)
  4 necrophages
  5 ogres
  2 centaurs
  4 kobold brigands
  12 bullfrogs
  4 water moccasin zombies (Ossuary)
  A scorpion (Lair:1)
  2 spectral wargs (Orc:1)
  13 killer bees
  A vampire bat (D:5)
  4 wights
  A bullfrog zombie (D:7)
  2 howler monkeys (D:8)
  A hound (D:6)
  2 jellies
  10 orc priests
  Jessica (D:3)
  2 centaur skeletons
  Terence (D:3)
  11 orc wizards
  2 iguanas
  9 hell rats
  A spectral orc (Orc:1)
  A killer bee zombie (D:6)
  3 hound skeletons
  2 mummies (Ossuary)
  A howler monkey zombie (D:9)
  2 adders
  3 gnolls (D:4)
  An ogre simulacrum (Orc:1)
  A shadow imp (D:7)
  A white imp (D:6)
  2 orc simulacra (Orc:1)
  10 adder zombies (Ossuary)
  2 worms
  3 dart slugs
  3 fire bats (D:5)
  58 orcs
  2 spectral bats (D:5)
  3 bat skeletons (D:5)
  A bat zombie (D:5)
  6 endoplasms
  7 giant cockroaches
  12 goblins
  11 hobgoblins
  5 jackals
  4 quokkas
  7 ball pythons
  18 bats
  A bat simulacrum (D:5)
  6 frilled lizards
  2 gnoll zombies (Ossuary)
  7 hobgoblin zombies (Ossuary)
  28 kobolds
  5 kobold zombies (Ossuary)
  2 orc zombies (Ossuary)
  7 rats
564 creatures vanquished.

Vanquished Creatures (collateral kills)
  2 death yaks (Lair:6)
  An orc wizard (Orc:1)
  2 orcs (Orc:1)
5 creatures vanquished.

Vanquished Creatures (others)
  A killer bee (D:9)
  41 fungi
  95 plants
  6 toadstools (D:1)
143 creatures vanquished.

Grand Total: 712 creatures vanquished

Notes
Turn   | Place    | Note
-------+----------+-------------------------------------------
     0 | D:1      | freelancePsychic the Demonspawn Ice Elementalist began the
                  | quest for the Orb.
     0 | D:1      | Reached XP level 1. HP: 13/13 MP: 3/3
   272 | D:1      | Gained mutation: You sometimes gain a little power by
                  | taking damage. [demonic ancestry]
   272 | D:1      | Reached XP level 2. HP: 19/19 MP: 1/5
   773 | D:1      | Found a faded altar of an unknown god.
   793 | D:1      | Reached XP level 3. HP: 24/24 MP: 7/7
  1399 | D:1      | Learned a level 3 spell: Frozen Ramparts
  1403 | D:1      | Learned a level 3 spell: Ozocubu's Armour
  1962 | D:2      | Reached XP level 4. HP: 31/31 MP: 4/8
  2014 | D:2      | Reached skill level 1 in Fighting
  2636 | D:2      | Found an ancient bone altar of Kikubaaqudgha.
  2654 | D:2      | Became a worshipper of Kikubaaqudgha
  2849 | D:2      | Reached skill level 1 in Necromancy
  3244 | D:3      | Noticed Terence
  3244 | D:3      | Noticed Jessica
  3270 | D:3      | Killed Jessica
  3271 | D:3      | Reached XP level 5. HP: 38/38 MP: 5/9
  3273 | D:3      | Killed Terence
  3879 | D:3      | Noticed an ogre
  3886 | D:3      | Killed an ogre
  4085 | D:3      | You fall into a shaft and drop 3 floors!
  4085 | D:6      | Found an iron altar of Okawaru.
  4090 | D:6      | Noticed an ice beast
  4093 | D:6      | Gained mutation: You have an unusually large brain. (Int
                  | +2) [demonic ancestry]
  4093 | D:6      | Reached XP level 6. HP: 40/47 MP: 3/10
  4094 | D:6      | Reached * piety under Kikubaaqudgha
  4094 | D:6      | Received a gift from Kikubaaqudgha
  4102 | D:6      | Killed an ice beast
  4307 | D:5      | Entered Level 5 of the Dungeon
  4437 | D:6      | Reached XP level 7. HP: 41/55 MP: 11/11
  4591 | D:6      | Learned a level 3 spell: Vampiric Draining
  4628 | D:5      | Found a staircase to the Ecumenical Temple.
  6015 | D:4      | Reached skill level 5 in Necromancy
  6033 | D:4      | Learned a level 4 spell: Dispel Undead
  6043 | D:4      | Reached ** piety under Kikubaaqudgha
  6504 | D:6      | Reached skill level 1 in Armour
  6913 | D:6      | Reached skill level 5 in Fighting
  6913 | D:6      | Gained mutation: You have large cloven feet. [demonic
                  | ancestry]
  6913 | D:6      | Reached XP level 8. HP: 53/62 MP: 7/13
  7734 | D:5      | Found Isareoqo's Assorted Antiques.
  7737 | D:5      | Bought a scroll labelled LUELAL VOUNE for 25 gold pieces
  8667 | D:7      | Gained mutation: You have an extremely huge brain. (Int +4)
                  | [demonic ancestry]
  8667 | D:7      | Reached XP level 9. HP: 51/69 MP: 6/14
  8775 | D:7      | Identified the +1 ring mail "Omubey" {rPois}
  8981 | D:7      | Found a shimmering altar of Xom.
  8982 | D:7      | Found a basalt altar of Yredelemnul.
  8989 | D:7      | Reached *** piety under Kikubaaqudgha
  8989 | D:7      | Received a gift from Kikubaaqudgha
  9813 | D:7      | Reached skill level 1 in Earth Magic
 10267 | D:8      | Reached skill level 1 in Maces & Flails
 10399 | D:8      | Found a sand-covered staircase.
 10407 | Ossuary  | Entered an ossuary
 10457 | Ossuary  | Reached skill level 10 in Necromancy
 10695 | Ossuary  | Reached **** piety under Kikubaaqudgha
 11013 | D:8      | Identified the +5 mace of Calamity {vorpal, Str+4 Int+3
                  | Dex+2}
 11651 | D:8      | Reached XP level 10. HP: 68/77 MP: 13/16
 12685 | D:9      | Found a radiant altar of Vehumet.
 12685 | D:9      | Found an ancient bone altar of Kikubaaqudgha.
 12685 | D:9      | Found a bloodstained altar of Trog.
 12926 | D:9      | Learned a level 5 spell: Borgnjor's Vile Clutch
 13015 | D:10     | Entered Level 10 of the Dungeon
 13087 | D:10     | Noticed Fannar
 13279 | D:10     | Identified the +1 flail "Kace" {protect, rElec rN+ Int+2}
 13449 | D:10     | Reached skill level 1 in Shields
 13801 | D:11     | Reached skill level 5 in Earth Magic
 14253 | D:11     | Noticed a fire dragon
 14278 | D:11     | Killed a fire dragon
 14645 | D:11     | Found a staircase to the Lair.
 14787 | Lair:1   | Entered Level 1 of the Lair of Beasts
 14794 | Lair:1   | Noticed a cane toad
 15113 | Lair:2   | Killed a cane toad
 15523 | Lair:2   | Noticed a cane toad
 15535 | Lair:2   | Killed a cane toad
 15536 | Lair:2   | Gained mutation: You sometimes gain power by taking damage.
                  | [demonic ancestry]
 15536 | Lair:2   | Reached XP level 11. HP: 78/84 MP: 4/17
 15576 | Lair:2   | Noticed a death yak
 15576 | Lair:2   | Noticed a death yak
 15576 | Lair:2   | Noticed a death yak
 15576 | Lair:2   | Noticed a death yak
 15576 | Lair:2   | Noticed a death yak
 16227 | Lair:1   | Reached skill level 5 in Maces & Flails
 16506 | Lair:1   | Noticed a six-headed hydra
 16517 | Lair:1   | Killed a six-headed hydra
 16618 | Lair:1   | Noticed a four-headed hydra
 16645 | Lair:1   | Killed a four-headed hydra
 16704 | Lair:1   | Reached ***** piety under Kikubaaqudgha
 17602 | Lair:1   | Killed a death yak
 17969 | Lair:2   | Noticed a boulder beetle
 18005 | Lair:1   | Reached skill level 10 in Fighting
 18245 | Lair:2   | Reached XP level 12. HP: 65/97 MP: 8/18
 18767 | Lair:2   | Noticed a death yak
 18958 | Lair:2   | Killed a death yak
 18962 | Lair:2   | Killed a death yak
 18969 | Lair:2   | Killed a death yak
 18971 | Lair:2   | Killed a death yak
 18978 | Lair:2   | Killed a death yak
 19485 | Lair:2   | Found a staircase to the Snake Pit.
 19748 | Lair:2   | Killed a boulder beetle
 20243 | Lair:3   | Noticed a seven-headed hydra
 20261 | Lair:3   | Killed a seven-headed hydra
 20262 | Lair:3   | Reached skill level 10 in Maces & Flails
 20567 | Lair:3   | Found a staircase to the Swamp.
 21906 | Lair:4   | Reached XP level 13. HP: 106/106 MP: 17/19
 23780 | Lair:4   | Found a runed translucent gate.
 23862 | Lair:4   | Found a runed translucent gate.
 23862 | Lair:4   | Noticed Naer Xoypaimp's ghost (journeyman DjWn)
 23863 | Lair:4   | Found a runed translucent gate.
 23863 | Lair:4   | Noticed a quicksilver ooze
 23864 | Lair:4   | Found a viscous altar of Jiyva.
 24238 | Lair:5   | Reached skill level 5 in Armour
 24997 | Lair:5   | Found a viscous altar of Jiyva.
 24997 | Lair:5   | Found a staircase to the Slime Pits.
 25250 | Lair:6   | Entered Level 6 of the Lair of Beasts
 26316 | Lair:6   | Reached ****** piety under Kikubaaqudgha
 26447 | Lair:6   | Reached XP level 14. HP: 54/116 MP: 9/20
 26766 | Lair:6   | Identified the +7 shortbow of the Last Dreams {vorpal,
                  | Drain rElec Str+5 Int-4}
 26891 | Lair:6   | Paralysed by a hornet for 1 turns
 27037 | Lair:6   | Learned a level 6 spell: Death Channel
 29385 | D:12     | Found a staircase to the Orcish Mines.
 29764 | D:12     | Found a portal to a secret trove of treasure.
 29825 | Orc:1    | Entered Level 1 of the Orcish Mines
 29825 | Orc:1    | Found a runed translucent gate.
 29825 | Orc:1    | Found a runed translucent gate.
 29825 | Orc:1    | Found a runed translucent gate.
 29841 | Orc:1    | Noticed Domutzyo's ghost (journeyman MiFi)
 29971 | Orc:1    | Killed Domutzyo's ghost
 30000 | Orc:1    | Got Oqejo's Incunabulum of Clay and Black Magic
 30196 | Orc:2    | Entered Level 2 of the Orcish Mines
 30404 | Orc:2    | Found Weonkugu's Antique Weapon Boutique.
 30800 | Orc:2    | Found Ejayrph's Antique Armour Emporium.
 31522 | Orc:2    | Found a staircase to the Elven Halls.
 31556 | Orc:2    | Found Xiotson's General Store.
 31995 | Orc:2    | Found Ybbodiu's Book Emporium.
 31995 | Orc:2    | Noticed an orc warlord
 32021 | Orc:2    | HP: 1/119 [sixfirhy[an orc high priest] (11)]
 32021 | Orc:2    | Slain by a sixfirhy

Illustrated notes

Levels and vault maps discovered:
D:1:      dpeg_arrival_line_fractal, layout_loops_ring,
          hellmonk_ecumenical_altar_inner_sanctum, minmay_gold_behind_fungi,
          minmay_pentomino_q2
D:2:      minmay_skewed_foursquare, layout_loops_ring, basic_altar
D:3:      layout_loops_corners, serial_co_window_serial,
          co_window_of_opportunity_a, co_window_corner_a, co_window_paths_a,
          co_window_cross_1, co_window_of_opportunity_a, co_window_corner_a,
          co_window_2corner, co_window_broadway_b, co_window_corner_b,
          co_window_corner_cb, co_window_2corner, co_window_cross_3,
          co_window_4corner_b, glass_columns_b, glass_columns_a,
          glass_columns_c, glass_columns_a, uniq_terence, uniq_jessica
D:4:      layout_rooms, serial_co_window_serial, co_window_paths_a,
          co_window_paths_b, co_window_paths_a, co_window_paths_a,
          co_window_of_opportunity_a, co_window_of_opportunity_c,
          co_window_of_opportunity_c, co_window_unsneaky_path_e,
          lexackson_kobold_supper
D:5:      layout_cave_pods, minmay_temple_entry_arrows, serial_shops,
          nicolae_shop_window_shopping, goddamned_bats
D:6:      layout_rooms, okawaru_metal_pillars_3
D:7:      layout_basic, gammafunk_temple_overflow_pools
D:8:      layout_basic, nicolae_ossuary_entry_ruins, kennysheep_minor_cross,
          hangedman_abyss_or_decor_jellyfish_corner
D:9:      layout_grid_maze, gammafunk_temple_overflow_claw,
          hangedman_abyss_or_decor_stabs
D:10:     layout_cave_pools, minmay_strange_pillars,
          minmay_guarded_unrand_variability, uniq_fannar, uniq_maurice
D:11:     layout_basic, minmay_lair_entry_lava, serial_bayou_pond_d
D:12:     layout_rooms, orc_0_dummy, nicolae_trove_entry_diagonal,
          chequers_serial_rivers_large_a
Lair:1:   layout_small_grid, minmay_shattered_shrine
Lair:2:   layout_hall_layers, minmay_snake_entry_guardpost_small
Lair:3:   layout_regular_city, minmay_swamp_entry_worms, grunt_megastairs_5
Lair:4:   onia_ninara_swampy_vault, layout_loops_ring, gammafunk_ghost_ooze,
          worms_lemuel
Lair:5:   layout_concentric_octagons, dpeg_slime_entry_enclosed_altar
Lair:6:   gammafunk_lair_ancient_temple, layout_hall_layers,
          nzn_sisyphean_effort
Orc:1:    layout_caves, gammafunk_ghost_necromancy, nicolae_orc_stony_grotto
Orc:2:    grunt_orc_gardens, layout_caves, grunt_orc_garden, grunt_orc_garden,
          grunt_orc_garden, grunt_orc_garden, mines3_lemuel

Skill      XL: |  1  2  3  4  5  6  7  8  9 10 11 12 13 14 |
---------------+-------------------------------------------+-----
Ice Magic      | 4 |  4.5
Fighting       | 2 3 4 5 6 7 10 11 12 13 | 13.7
Necromancy     | 1 3 4 6 9 10 11 13 | 13.4
Spellcasting   | 3 4 |  4.5
Armour         | 1 3 6 |  6.7
Earth Magic    | 3 7 |  7.0
Maces & Flails | 3 7 11 12 | 12.0
Shields        | 4 |  4.0
Dodging        | |  1.7
Stealth        | |  1.7

Action                   |  1- 3 |  4- 6 |  7- 9 | 10-12 | 13-15 || total
-------------------------+-------+-------+-------+-------+-------++-------
Melee: Whip              |    36 |    83 |   360 |   331 |   512 ||  1322
       Kick              |       |       |    67 |   107 |   189 ||   363
 Cast: Freeze            |    44 |    12 |     2 |       |       ||    58
       Frozen Ramparts   |     2 |    13 |    36 |    49 |    36 ||   136
       Ozocubu's Armour  |       |     4 |    17 |    23 |    21 ||    65
       Dispel Undead     |       |       |    27 |     5 |     5 ||    37
       Vampiric Draining |       |       |     8 |       |     2 ||    10
       Borgnjor's Vile C |       |       |       |    60 |    85 ||   145
       Death Channel     |       |       |       |       |    12 ||    12
Evoke: Wand              |       |       |     5 |     4 |     1 ||    10
       Phantom mirror    |       |       |       |     1 |       ||     1
  Use: Scroll            |     2 |     7 |    10 |     6 |    10 ||    35
       Potion            |       |     2 |     1 |     6 |     4 ||    13
 Stab: Sleeping          |     3 |     3 |       |       |     2 ||     8
       Confused          |       |       |       |       |     1 ||     1
       Distracted        |       |       |       |       |     1 ||     1
Armor: Robe              |    17 |    26 |    15 |       |       ||    58
       Skin              |       |     4 |       |       |       ||     4
       Ring mail         |       |     2 |   183 |       |    24 ||   209
       Steam dragon scal |       |       |     2 |    82 |    87 ||   171
Dodge: Dodged            |    43 |    69 |   242 |   176 |   186 ||   716
Block: Buckler           |       |       |       |    66 |    93 ||   159

Table legend: (Time is in decaauts)
 A = Elapsed time spent in this place.
 B = Non-inter-level travel time spent in this place.
 C = Inter-level travel time spent in this place.
 D = Time resting spent in this place.
 E = Time spent auto-exploring this place.
 F = Levels seen in this place.
 G = Mean time per level.
                   A        B        C        D        E       F      G
               +--------+--------+--------+--------+--------+-----+--------+
         Total |  31814 |  30622 |   1192 |   6446 |  19424 |  21 | 1515.0 |
       Dungeon |  15232 |  14539 |    693 |   1907 |  10287 |  12 | 1269.3 |
          Lair |  14071 |  13610 |    461 |   4015 |   7662 |   6 | 2345.2 |
  Orcish Mines |   2102 |   2065 |     37 |    524 |   1250 |   2 | 1051.0 |
       Ossuary |    407 |    407 |      0 |      0 |    224 |   1 |  407.0 |
               +--------+--------+--------+--------+--------+-----+--------+

Top non-repeatable levels by time:
  Lair:6: 2956 daAuts
  Lair:2: 2684 daAuts
  Lair:1: 2606 daAuts
  Lair:4: 2249 daAuts
     D:3: 1865 daAuts
  Lair:5: 1807 daAuts
  Lair:3: 1766 daAuts
     D:7: 1694 daAuts
     D:9: 1608 daAuts
     D:2: 1592 daAuts
     D:6: 1487 daAuts
     D:5: 1370 daAuts
     D:1: 1309 daAuts
   Orc:1: 1287 daAuts
    D:11: 1144 daAuts
